[Event "Rapid Tournament (RAP)"]
[Site "Biel, Switzerland"]
[Date "2026.07.12"]
[Round "9.6"]
[White "Cao, Qingfeng"]
[Black "Gloeckler, Christian"]
[Result "0-1"]
[TimeControl "15 + 5"]
[WhiteTitle "-"]
[BlackTitle "-"]
[WhiteFideId "8627568"]
[BlackFideId "34608966"]
[WhiteElo "2265"]
[BlackElo "2332"]

1. d4 Nf6 2. c4 e6 3. Nf3 d5 4.
g3 Be7 5. Bg2 O-O 6. O-O Nbd7 7. Qc2 a5 8. Nbd2 c5 9. b3 b6 10. Bb2 Bb7 11. Rac1 Rc8 12. Qb1 Rc7 13. dxc5 Nxc5 14.
Rfd1 Qa8 15. Qa1 Rfc8 16. h4 Qa6 17. cxd5 Bxd5 18. Nc4 a4 19. Be5 Rd7 20. Nfd2 axb3 21. axb3 Qxa1 22. Rxa1 Bxg2 23.
Kxg2 Rcd8 24. Bf4 Nd5 25. Rdb1 Nxf4+ 26. gxf4 b5 27. Ne5 Rxd2 28. Nc6 Bf6 29. Ra5 Re8 30. Rxb5 Ne4 31. Rb7 Rxe2 32. Kf3 Rc2 33. Kxe4 Rxc6 34.
b4 Rd8 35. b5 Rc3 36. Rb4 Rcd3 37. b6 Bc3 0-1

[Event "Rapid Tournament (RAP)"]
[Site "Biel, Switzerland"]
[Date "2026.07.12"]
[Round "9.7"]
[White "Savitha, Shri B"]
[Black "Rohrer, Christophe"]
[Result "1/2-1/2"]
[TimeControl "15 + 5"]
[WhiteTitle "-"]
[BlackTitle "-"]
[WhiteFideId "35061887"]
[BlackFideId "1326546"]
[WhiteElo "2317"]
[BlackElo "2202"]

1. e4 e5 2. Nf3 Nc6 3. Bb5 a6 4. Ba4 d6 5. c3 Bg4 6. h3 Bh5 7. O-O Nf6 8. Re1 Be7 9. d3 Nd7 10. b4 h6 11. Nbd2 Nf8 12.
Nf1 Ne6 13. Ng3 Bxf3 14. Qxf3 Bg5 15. Bb3 Qf6 16. Qxf6 Bxf6 17. Be3 g6 18. a4 a5 19. b5 Ncd8 20. Ne2 Bg5 21. Bxg5 hxg5 22.
d4 Rh4 23. f3 f6 24. Red1 Ke7 25. Rab1 b6 26. Kh2 Nf4 27. Ng1 Rh7 28. g3 Nfe6 29. Kg2 Nf7 30. Ne2 Rah8 31. Rh1 Rh6 32.
Rbf1 Nfd8 33. Bd5 R6h7 34. Rd1 Rh6 35. Nc1 Nf7 36. Nb3 R6h7 37. Na1 f5 38. Nc2 f4 39. g4 Rd8 40. Na3 Rhh8 41.
Nc4 Kf6 42. Rd2 Ke7 43. Rhd1 Rhf8 44. Bc6 exd4 45. cxd4 Rh8 46. Bd5 Rh7 47. Na3 Rdh8 48. Rh1 Kd7 49. Nb1 Nfd8 50. Nc3 Kc8 51. Ba2 Kb7 52. Nd5 Rf7 53.
Bb3 Rfh7 54. Nf6 Rf7 55.
e5 dxe5 56. dxe5 Re7 57. Ne4 Nf7 58. Re1 Rhe8 59. Rd5 Rd8 60.
Rxd8 Nfxd8 61. Bd5+ Kb8 62. Rc1 Nf7 63. Rc6 Nfd8 64. Rc1 Nf7 65. Rc6 Nfd8 66. Rc3 Nf7 67. Rc6 Nfd8 68. Rc1 Nf7 69. Rc6 1/2-1/2

[Event "Rapid Tournament (RAP)"]
[Site "Biel, Switzerland"]
[Date "2026.07.12"]
[Round "9.8"]
[White "Lu, Miaoyi"]
[Black "Fogo Esquivel, Levi Kalani Alexander"]
[Result "1-0"]
[TimeControl "15 + 5"]
[WhiteTitle "-"]
[BlackTitle "-"]
[WhiteFideId "8618020"]
[BlackFideId "5183189"]
[WhiteElo "2309"]
[BlackElo "2088"]

1. e4 e5 2. Nf3 Nc6 3. Bc4 Nf6 4. d4 exd4 5. e5 d5 6. Bb5 Ne4 7. Nxd4 Bd7 8. Bxc6 bxc6 9. O-O Bc5 10. f3 Ng5 11. f4 Ne4 12. Be3 O-O 13. Nd2 Nxd2 14. Qxd2 Qe7 15. Rae1 Bb6 16. Nb3 Bf5 17. Qc3 Qd7 18.
Bc5 Rfe8 19. Kh1 Be4 20. Rf2 Rab8 21. Ref1 d4 22. Bxd4 Bxd4 23. Nxd4 Red8 24. Nb3 Qf5 25. Nc5 Bd5 26.
b3 h5 27. Qe3 a5 28. Rd2 h4 29. h3 Be6 30. Rfd1 Rxd2 31. Rxd2 Re8 32. Qe4 Qxe4 33. Nxe4 f6 34. exf6 Bxh3 35. f7+ Kxf7 36. Ng5+ Kg6 37. Nxh3 Re1+ 38. Kh2 Rc1 39. Re2 Kf5 40. Re5+ Kf6 41. Rc5 Ra1 42. Rxa5 Ke6 43. Ng5+ Kd6 44. Ne4+ Ke6 45. Re5+ Kd7 46. a4 Rc1 47. Rc5 Re1 48. Rc4 Ra1 49. Kh3 Rh1+ 50. Kg4 Rg1 51. a5 Rxg2+ 52. Kh3 Rg1 53. a6 Rh1+ 54.
Kg2 Re1 55. a7 h3+ 56. Kxh3 Rh1+ 57. Kg2 Rh8 58. Nc5+ Ke7 59. Na6 Ra8 60. Nb8 c5 61. Rxc5 Kd6 62. Rc6+ Kd5 63. Rxc7 g6 64. Rg7 Kd4 65. b4 Kc4 66. Rb7 Kd4 67. Nc6+ 1-0

[Event "Rapid Tournament (RAP)"]
[Site "Biel, Switzerland"]
[Date "2026.07.12"]
[Round "9.9"]
[White "Shukhman, Anna"]
[Black "Xu, Chang(Cq)"]
[Result "0-1"]
[TimeControl "15 + 5"]
[WhiteTitle "-"]
[BlackTitle "-"]
[WhiteFideId "54180058"]
[BlackFideId "8641757"]
[WhiteElo "2272"]
[BlackElo "2082"]

1. e4 c5 2. Nf3 d6 3.
d4 cxd4 4. Nxd4 Nf6 5. Nc3 a6 6. f4 e5 7. Nb3 Be7 8.
fxe5 dxe5 9. Qxd8+ Bxd8 10. Be3 O-O 11. O-O-O Nc6 12. Bd3 Be7 13. h3 Be6 14. Nc5 Bxc5 15. Bxc5 Rfd8 16. g4 Rac8 17.
g5 Nd7 18. Bf2 Nf8 19. Nd5 Ng6 20. Nb6 Rb8 21. h4 Nf4 22. Bc4 Bxc4 23. Nxc4 b5 24. Ne3 Nd4 25. c3 Nde6 26. Kc2 Nc5 27. Ng4 Nxe4 28. Ba7 Ra8 29.
Nxe5 Re8 30. Bd4 Ng3 31. Rhe1 Nf5 32. Re4 Ng6 33. h5 Nxe5 34. Bxe5 Ng3 35. Rg4 Nxh5 36. Bd4 Re6 37. b3 Rc8 38.
Kd3 g6 39. c4 bxc4+ 40. bxc4 f5 41. gxf6 Nxf6 42. Rf4 Nh5 43. Rf3 Ng7 44. c5 Nf5 45. Kc4 Re4 46. Rfd3 Kf7 47. Kc3 Nxd4 48.
Rxd4 Rxc5+ 49. Kb4 Rb5+ 50. Ka4 Rxd4+ 51. Rxd4 Rb6 52. Rd7+ Kg8 53. Ka5 Rf6 54. a4 h5 55.
Kb4 h4 56. Kc5 g5 57. Rd5 Rg6 58. Kd4 Kg7 59. Ke4 Kh6 60. Kf5 g4 61. Rd8 g3 62. Rh8+ Kg7 63. Rxh4 g2 0-1

[Event "Rapid Tournament (RAP)"]
[Site "Biel, Switzerland"]
[Date "2026.07.12"]
[Round "9.10"]
[White "Amonatov, Farrukh"]
[Black "Filipovic, Branko"]
[Result "1-0"]
[TimeControl "15 + 5"]
[WhiteTitle "-"]
[BlackTitle "-"]
[WhiteFideId "14700077"]
[BlackFideId "14507951"]
[WhiteElo "2593"]
[BlackElo "2279"]

1. e4 Nf6 2. e5 Nd5 3.
c4 Nb6 4. d4 d6 5. f4 dxe5 6. fxe5 Bf5 7. Nc3 e6 8. Be3 Bb4 9. Nf3 c5 10. a3 cxd4 11. axb4 dxe3 12. Qxd8+ Kxd8 13. c5 N6d7 14. Bb5 Ke7 15. h3 Rc8 16. Ke2 Nc6 17.
Bxc6 Rxc6 18. Kxe3 Rcc8 19. Nb5 a5 20. Nd6 Rcb8 21. bxa5 Nxc5 22. b4 Nd7 23. Rhc1 f6 24. Rc7 b5 25.
Rd1 1-0

[Event "Rapid Tournament (RAP)"]
[Site "Biel, Switzerland"]
[Date "2026.07.12"]
[Round "9.11"]
[White "Ling, Chenxuan"]
[Black "Arjun, Kalyan"]
[Result "0-1"]
[TimeControl "15 + 5"]
[WhiteTitle "-"]
[BlackTitle "-"]
[WhiteFideId "30983118"]
[BlackFideId "35018701"]
[WhiteElo "2077"]
[BlackElo "2390"]

1. d4 d5 2. c4 e6 3. Nc3 h6 4. Nf3 Nf6 5. cxd5 exd5 6. Bf4 Bd6 7. Bxd6 Qxd6 8.
e3 O-O 9. Bd3 Bg4 10. h3 Bxf3 11. Qxf3 c6 12.
O-O Nbd7 13. Rac1 Rfe8 14. Qe2 Ne4 15. Nxe4 dxe4 16. Bc4 Nf6 17. Rfd1 a5 18. a3 g6 19. Ba2 Kg7 20. Qd2 a4 21. Qc3 h5 22. d5 cxd5 23.
Rxd5 Qe7 24. Rc5 Rad8 25. Qb4 Rd7 26. Qxa4 Red8 27. Qc4 Rd1+ 28. Rxd1 Rxd1+ 29. Kh2 Ng4+ 30. Kg3 Qd6+ 31. f4 exf3+ 32. Qf4 fxg2 33. Kxg2 Qd2+ 34. Kg3 Rg1+ 35. Kh4 Qe1+ 36. Kg5 Ne5+ 0-1

[Event "Rapid Tournament (RAP)"]
[Site "Biel, Switzerland"]
[Date "2026.07.12"]
[Round "9.12"]
[White "Maier, Christian"]
[Black "Gautier, Anand"]
[Result "0-1"]
[TimeControl "15 + 5"]
[WhiteTitle "-"]
[BlackTitle "-"]
[WhiteFideId "4601955"]
[BlackFideId "26010186"]
[WhiteElo "2314"]
[BlackElo "2223"]

1. e4 c5 2. Nf3 d6 3. Bb5+ Bd7 4. c4 Nc6 5. Nc3 Nf6 6. O-O g6 7. d3 Bg7 8. Bg5 O-O 9. Qd2 Nb8 10.
h3 a6 11. Bxd7 Qxd7 12. Bh6 Nc6 13. Nd5 Rae8 14. Bxg7 Kxg7 15. Qc3 e5 16. Nxf6 Kxf6 17. a3 a5 18. Nh2 Kg7 19. f4 f6 20.
f5 Nd4 21. Rae1 a4 22. g4 g5 23. Nf3 h5 24. Nxd4 exd4 25. Qc2 Rh8 26. Rf2 hxg4 27. hxg4 Rh4 28. Rg2 Reh8 29. Rf1 Rh3 30.
Kf2 Qe8 31. Ke1 Re3+ 32. Re2 Rg3 33. Rh2 Rxh2 34. Qxh2 Rxd3 0-1

[Event "Rapid Tournament (RAP)"]
[Site "Biel, Switzerland"]
[Date "2026.07.12"]
[Round "9.13"]
[White "Balabayeva, Xeniya"]
[Black "Kukushkin, Ivan"]
[Result "0-1"]
[TimeControl "15 + 5"]
[WhiteTitle "-"]
[BlackTitle "-"]
[WhiteFideId "13719688"]
[BlackFideId "11634103"]
[WhiteElo "2291"]
[BlackElo "2186"]

1. d4 d5 2. Nf3 Nf6 3. Bf4 Bf5 4.
e3 c6 5. c4 Nbd7 6. Nc3 e6 7.
h3 Qb6 8. Qb3 Qxb3 9. axb3 Bb4 10.
Nd2 O-O 11. O-O-O a5 12. Ndb1 Ne4 13. Nxe4 Bxe4 14. f3 Bg6 15. Bd3 Bxd3 16. Rxd3 a4 17. Kc2 Be7 18. cxd5 cxd5 19. bxa4 Rxa4 20.
Rb3 b6 21. Nc3 Ra5 22. e4 Rc8 23. Rd1 b5 24. Kd3 b4 25. Ne2 dxe4+ 26. fxe4 e5 27. Be3 exd4 28. Bxd4 Rd8 29. Kc2 Ra6 30.
Rbd3 Rc8+ 31. Kb1 Nf8 32. Nf4 Ne6 33. Nd5 Bf8 34. Bf2 h5 35. Be1 Rc4 36. Re3 Bc5 37. Re2 b3 38. Nc3 Bd4 39.
Kc1 Nf4 40. Rf2 Bxf2 41. Bxf2 Ne2+ 42. Kd2 Nxc3 43. bxc3 Rxe4 44. Kd3 Rd6+ 45. Bd4 Re8 46. Rb1 Rb8 47. Rb2 Ra6 48. c4 Ra4 49. Be3 f6 50. c5 Kf7 51. Bf4 Rxf4 0-1

[Event "Rapid Tournament (RAP)"]
[Site "Biel, Switzerland"]
[Date "2026.07.12"]
[Round "9.14"]
[White "Hashem, Khaled"]
[Black "Frey, Fabian"]
[Result "1/2-1/2"]
[TimeControl "15 + 5"]
[WhiteTitle "-"]
[BlackTitle "-"]
[WhiteFideId "10300201"]
[BlackFideId "1336487"]
[WhiteElo "1926"]
[BlackElo "2207"]

1. d4 d5 2. Nf3 e6 3. g3 c5 4. Bg2 Nc6 5. O-O Nf6 6. a3 a5 7. h3 cxd4 8. Nxd4 Bc5 9. Be3 Qb6 10. c3 O-O 11. Nd2 e5 12. Nxc6 Qxc6 13.
Bxc5 Qxc5 14. Nf3 Re8 15. Rc1 a4 16. e3 Bf5 17. Nh4 Be4 18. Bxe4 Nxe4 19. Qe2 Ra6 20. Nf3 Rb6 21. Rfd1 h6 22.
c4 d4 23. Qd3 Nf6 24. exd4 exd4 25. Qxd4 Qxd4 26. Nxd4 Rxb2 27. Rb1 Rxb1 28. Rxb1 Re4 29. Nf5 Rxc4 30. Nd6 Rc3 31. Rxb7 Rxa3 32.
Rb8+ Kh7 33. Nxf7 Ra1+ 34. Kg2 Ra2 35. Kf3 a3 36. h4 Rb2 37. Ra8 Rb7 38. Ne5 Rb3+ 39. Kf4 Nd5+ 40. Kf5 Rb2 41. f4 Ne3+ 42. Ke4 Rb3 43. h5 Ng4 44. Ng6 Nf6+ 45.
Kf5 Rb5+ 46. Ke6 Nxh5 47. f5 Rb6+ 48. Kd5 Rxg6 49. fxg6+ Kxg6 50. Rxa3 Kg5 51. Ke6 Kg4 52. Kf7 Nxg3 53. Kxg7 h5 54. Kg6 h4 55. Ra4+ Kh3 56. Kg5 Kg2 57. Kxh4 Nf1 58. Ra3 Kf2 59.
Kg4 Ne3+ 60. Kf4 Ng2+ 61. Ke4 Ne1 62. Ra2+ Kg3 63. Re2 Ng2 64. Kf5 Kf3 65. Ra2 Ne3+ 66. Kg5 Ng2 67. Ra3+ Ke4 68.
Kg4 Ne3 69. Kg3 Nf5+ 1/2-1/2

[Event "Rapid Tournament (RAP)"]
[Site "Biel, Switzerland"]
[Date "2026.07.12"]
[Round "9.15"]
[White "Aryan, Mehta"]
[Black "Fernandes Barbosa Dos Santos, Gabriel"]
[Result "0-1"]
[TimeControl "15 + 5"]
[WhiteTitle "-"]
[BlackTitle "-"]
[WhiteFideId "33329664"]
[BlackFideId "1354388"]
[WhiteElo "1921"]
[BlackElo "2199"]

1. d4 Nf6 2. c4 e6 3. Nf3 d5 4.
Nc3 Be7 5. Bg5 Nbd7 6. e3 O-O 7.
Rc1 h6 8. Bh4 dxc4 9. Bxc4 a6 10. a4 c5 11. O-O cxd4 12. Nxd4 Ne5 13. Be2 Bd7 14. Bg3 Nc6 15. Bf3 Qb6 16.
Nxc6 Bxc6 17. Bxc6 bxc6 18. Qe2 Rfd8 19. Rfd1 Qb4 20. Qc2 Rac8 21. h3 c5 22. Rxd8+ Rxd8 23. Be5 Nd7 24. Bc7 Rc8 25.
Bg3 Nb6 26. Rd1 Bf6 27. Rd6 Nc4 28. Rxa6 Qb7 29. Rd6 Nxd6 30. Bxd6 c4 31. e4 Qb3 32. Qc1 Bxc3 33. bxc3 Qxa4 34.
Qf4 Qa1+ 35. Kh2 Qxc3 36. Be5 Qb4 37. Qg4 Qf8 38. Bc3 Rc6 39. Qf3 Qd6+ 40. e5 Qd5 41. Qg4 Qd3 42. Bb4 c3 0-1

[Event "Rapid Tournament (RAP)"]
[Site "Biel, Switzerland"]
[Date "2026.07.12"]
[Round "9.16"]
[White "Ivarsson, Anders"]
[Black "Habibi, Ali"]
[Result "0-1"]
[TimeControl "15 + 5"]
[WhiteTitle "-"]
[BlackTitle "-"]
[WhiteFideId "1768158"]
[BlackFideId "4604393"]
[WhiteElo "1907"]
[BlackElo "2187"]

1. Nf3 c5 2. c4 b6 3. g3 Bb7 4. Bg2 e6 5. O-O Nf6 6. Nc3 d6 7. d3 Be7 8. e4 Nbd7 9. Ne1 Qc7 10. f4 a6 11. a3 O-O 12. Rb1 Rab8 13.
Be3 g6 14. b4 Rfe8 15. h3 d5 16. cxd5 exd5 17. Nxd5 Nxd5 18. exd5 cxb4 19. axb4 Bxb4 20. Nc2 Bd6 21. Bd4 Rbc8 22.
Rb2 b5 23. Kh2 Nc5 24. Nb4 h5 25. Nc6 h4 26. Ne5 hxg3+ 27. Kh1 Na4 28. Rd2 Nc3 29. Qg4 Rxe5 30. fxe5 Bxe5 31. Bxe5 Qxe5 32.
d4 Qe3 33. Qf4 Qxf4 34. Rxf4 Nxd5 35. Rf1 Rc7 36. Re1 a5 37. Be4 a4 38. Kg2 b4 39. Kxg3 b3 40. Ra1 Rc4 41. Bxd5 Bxd5 42.
Kf4 f6 43. h4 Rb4 44. Ke3 Kf7 45. Rb2 f5 46. Kd3 Kf6 47. Kc3 Rc4+ 48. Kd3 f4 49. Rf2 Kf5 50. Raf1 a3 51. Rxf4+ Ke6 52. Rf6+ Ke7 53. Rxg6 b2 54.
Rg7+ Ke8 55. Re1+ Kd8 56. Rf1 Ke8 57. Re1+ Kf8 58. Rd7 a2 59. Rd8+ Kf7 60. Rd7+ Kg8 61. Rg1+ Kf8 62. Rf1+ Ke8 63. Rxd5 b1=Q+ 64. Rxb1 axb1=Q+ 65.
Kxc4 Qf1+ 66. Kc5 Qc1+ 67. Kd6 Qf4+ 68.
Kc5 Qxh4 69. Re5+ Kd7 70. Kc4 Qf2 71. Kd3 Kd6 72. Kc3 Qf1 73. Rc5 Qf3+ 74. Kc4 Qe4 75. Kc3 Qb1 76. Re5 Qa2 77. Rc5 Qa3+ 78. Kc4 Qe3 79. Re5 Qc1+ 80. Kd3 Qb1+ 81. Kc3 Qa1+ 82.
Kd3 Qa3+ 83. Ke4 Qb3 84. Rc5 Ke6 85. Re5+ Kf6 86. Rf5+ Kg6 87. Rc5 Qa3 88. Re5 Qa2 89. Rc5 Qe2+ 90. Kd5 Kf6 91. Rc6+ Ke7 92. Rc7+ Kd8 93.
Rc5 Kd7 94. Rc3 0-1

[Event "Rapid Tournament (RAP)"]
[Site "Biel, Switzerland"]
[Date "2026.07.12"]
[Round "9.17"]
[White "Alsaqer, Meshal"]
[Black "Gluckman, David"]
[Result "0-1"]
[TimeControl "15 + 5"]
[WhiteTitle "-"]
[BlackTitle "-"]
[WhiteFideId "10301771"]
[BlackFideId "14300010"]
[WhiteElo "1903"]
[BlackElo "2161"]

1. d4 e6 2. Nf3 f5 3. g3 Nf6 4. Bg2 d5 5. O-O Bd6 6.
b3 Qe7 7. a4 O-O 8. a5 a6 9. Ba3 Bxa3 10. Nxa3 Nc6 11. Nb1 e5 12. dxe5 Nxe5 13. Nc3 c6 14. Qd4 Re8 15. Na4 Ned7 16. e3 Ne4 17. c4 dxc4 18.
Qxc4+ Qf7 19. Qc2 Ndf6 20. Nb6 Rb8 21. Rad1 Be6 22. Rb1 Rbd8 23. Nd4 Nd5 24. Nxe6 Qxe6 25. Nxd5 Rxd5 26. Bxe4 fxe4 27.
b4 Qh3 28. f4 Rd3 29. Rbe1 Qf5 30. Rf2 Red8 31. Qc4+ Qd5 32.
Rc2 Rb3 33. Ree2 Rd7 34. Kg2 h5 35. h3 Rd3 36. Kf2 Rb3 37. Re1 Kf8 38. Qxd5 cxd5 39. Rc5 Rxb4 40. Re2 d4 41. exd4 Rbxd4 42. Rxh5 Ra4 43. g4 Rd3 44. Re5 Rf3+ 45. Kg2 Rxf4 46. Kg3 Rf3+ 47. Kh4 Rfa3 48. R2xe4 Rxe4 49. Rxe4 Rxa5 50. Rc4 Re5 51. Kg3 b5 52. Rc6 a5 53.
Kf4 Rd5 54. Ke4 Rg5 55. Kf4 Rd5 56. Ke4 Rd1 57. Rc5 Rb1 58. Kd3 a4 59. Kc2 Rb3 60. h4 b4 61. Ra5 Rc3+ 62. Kd2 a3 63. Ra4 Rc4 64. h5 Rxg4 65.
Kc2 Kg8 66. Ra7 Kh7 67. Kb3 Kh6 68. Ra5 Rg5 69. Ra6+ Kxh5 70. Kxb4 Rd5 71. Rxa3 g5 72. Kc4 Rd8 73. Rd3 Rxd3 74. Kxd3 Kg4 75. Ke2 Kg3 76.
Kf1 Kh2 77. Kf2 g4 78. Ke2 0-1

[Event "Rapid Tournament (RAP)"]
[Site "Biel, Switzerland"]
[Date "2026.07.12"]
[Round "9.18"]
[White "Jehnichen, Kai"]
[Black "Harish, Neeraj"]
[Result "0-1"]
[TimeControl "15 + 5"]
[WhiteTitle "-"]
[BlackTitle "-"]
[WhiteFideId "24684333"]
[BlackFideId "30958130"]
[WhiteElo "1903"]
[BlackElo "2140"]

1. e4 e5 2. d4 exd4 3. Qxd4 Nc6 4. Qe3 g6 5. Nc3 Bg7 6.
Nf3 d6 7. Bd2 Nf6 8. h3 O-O 9. O-O-O a6 10. Nd5 Nxd5 11. exd5 Re8 12. Qb3 Ne5 13. Bc3 Nxf3 14. gxf3 b5 15.
h4 h5 16. Bxg7 Kxg7 17. Qc3+ Qf6 18. Qxc7 Bf5 19. Bd3 Rac8 20. Qb6 Re2 21. Bxf5 Qxf5 22. Qd4+ Kh7 0-1

[Event "Rapid Tournament (RAP)"]
[Site "Biel, Switzerland"]
[Date "2026.07.12"]
[Round "9.19"]
[White "Erne, Raphael"]
[Black "Aryan, Goyal"]
[Result "0-1"]
[TimeControl "15 + 5"]
[WhiteTitle "-"]
[BlackTitle "-"]
[WhiteFideId "1341928"]
[BlackFideId "366108825"]
[WhiteElo "2122"]
[BlackElo "1869"]

1. c4 Nf6 2. g3 e6 3.
Bg2 d5 4. Nf3 Be7 5. d4 O-O 6.
Qc2 dxc4 7. O-O a6 8. a4 Bd7 9. Ne5 Nc6 10. Nxc6 Bxc6 11. Bxc6 bxc6 12. Qxc4 Qd5 13. Qd3 Rfd8 14.
e3 c5 15. Nc3 Qh5 16. Qe2 cxd4 17. exd4 Rxd4 18. Qxh5 Nxh5 19. Be3 Rb4 20. Rac1 Rxb2 21. Ne4 Rb7 22. Rfd1 Nf6 23. Nxf6+ Bxf6 24.
Rd7 Be5 25. Rcd1 Rbb8 26. Bc5 Rc8 27. f4 Bf6 28. Rc1 Rab8 29. Be7 Bxe7 30. Rxe7 Kf8 31. Rexc7 Rxc7 32. Rxc7 Rb4 33. Ra7 Rxa4 34. Kg2 Ra2+ 35. Kh3 a5 36. g4 a4 37. Kg3 a3 38. h3 Ra1 39. Ra8+ Ke7 40. Ra7+ Kd6 41. Ra6+ Kc5 42. Ra5+ Kb4 43.
Ra7 Kb3 44. Rxf7 a2 45. Rb7+ Kc4 46. Ra7 Rg1+ 0-1

[Event "Rapid Tournament (RAP)"]
[Site "Biel, Switzerland"]
[Date "2026.07.12"]
[Round "9.20"]
[White "Menzi, Jonas"]
[Black "Kwiatkowski, Maciej"]
[Result "1-0"]
[TimeControl "15 + 5"]
[WhiteTitle "-"]
[BlackTitle "-"]
[WhiteFideId "1345133"]
[BlackFideId "1360175"]
[WhiteElo "2114"]
[BlackElo "1902"]

1. e4 c5 2. Nf3 e6 3.
c4 Nc6 4. Nc3 a6 5. d4 cxd4 6. Nxd4 Qc7 7. Be2 Nf6 8. Be3 Bb4 9. f3 O-O 10. O-O Ne5 11. Rc1 Be7 12. Na4 d6 13.
Qd2 Bd7 14. Nc3 Rac8 15. Rfd1 Rfe8 16. Kh1 Nxc4 17. Bxc4 Qxc4 18. Nd5 Qxa2 19. Nxe7+ Rxe7 20. Ra1 Qc4 21. Rdc1 Qc5 22. Rxc5 dxc5 23. Ne2 c4 24. Bg5 Bc6 25. Bxf6 gxf6 26. Qf4 Rd7 27. Ng3 Rcd8 28.
h4 f5 29. exf5 Rd4 30. Qg5+ Kf8 1-0

[Event "Rapid Tournament (RAP)"]
[Site "Biel, Switzerland"]
[Date "2026.07.12"]
[Round "9.21"]
[White "El-Mais, Ibaa"]
[Black "Gireada, Lucas"]
[Result "1-0"]
[TimeControl "15 + 5"]
[WhiteTitle "-"]
[BlackTitle "-"]
[WhiteFideId "1312715"]
[BlackFideId "1373544"]
[WhiteElo "2100"]
[BlackElo "1837"]

1. d4 Nf6 2. c4 g6 3. Nc3 d5 4. Nf3 Bg7 5. Bg5 O-O 6. e3 c5 7. Bxf6 Bxf6 8.
cxd5 Qb6 9. Qd2 cxd4 10. Nxd4 Bxd4 11.
exd4 Nd7 12. Bc4 Nf6 13. O-O Bf5 14. Rfe1 Qc7 15. Bb3 a6 16. Rac1 Qd8 17. Re5 Bd7 18. Rce1 Re8 19. h3 b5 20.
Qe3 Kf8 21. Qh6+ Kg8 22. Ne4 Nxe4 23. R1xe4 1-0

[Event "Rapid Tournament (RAP)"]
[Site "Biel, Switzerland"]
[Date "2026.07.12"]
[Round "9.22"]
[White "Materia, Matteo"]
[Black "Haugner, Jan"]
[Result "1/2-1/2"]
[TimeControl "15 + 5"]
[WhiteTitle "-"]
[BlackTitle "-"]
[WhiteFideId "45150575"]
[BlackFideId "24655244"]
[WhiteElo "1868"]
[BlackElo "2079"]

1. Nf3 d5 2. b3 Nf6 3. Bb2 Bf5 4. g3 e6 5. Bg2 c5 6.
d3 Nc6 7. h3 h5 8. Nbd2 Qc7 9. a3 O-O-O 10. e3 e5 11. Qe2 e4 12. dxe4 Nxe4 13. Nxe4 Bxe4 14. O-O f6 15. Rfd1 Be7 16.
Nh4 Ne5 17. f4 Nf7 18. Bxe4 dxe4 19. Ng6 Rh6 20. Nxe7+ Qxe7 21. Rxd8+ Nxd8 22. Rd1 Qe6 23. Kh2 Rh8 24. Qb5 Qc6 25. Qe2 Nf7 26. Qc4 Nd6 27. Qe6+ Kc7 28. Qe7+ Qd7 29. Qxd7+ Kxd7 30. Be5 fxe5 31. fxe5 Ke6 32. Rxd6+ Kxe5 33. Rd7 Rf8 34.
Kg2 Rf3 35. Rxg7 Rxe3 36. Rxb7 Re2+ 37. Kf1 Rxc2 38. Rxa7 Kd4 39. g4 hxg4 40. hxg4 Ke3 41. g5 Rf2+ 42. Kg1 Rf5 43. Rg7 Ke2 44.
g6 Rg5+ 45. Kh2 e3 46. Kh3 Kf3 47. Kh4 Rg4+ 48. Kh5 e2 49. Rf7+ Kg3 50. Re7 Rh4+ 51. Kg5 Rg4+ 52. Kh5 Rh4+ 53. Kg5 Rg4+ 54. Kh5 Rh4+ 1/2-1/2

[Event "Rapid Tournament (RAP)"]
[Site "Biel, Switzerland"]
[Date "2026.07.12"]
[Round "9.23"]
[White "Tkhoruk, Roman"]
[Black "Alrefae, Ahmad"]
[Result "1-0"]
[TimeControl "15 + 5"]
[WhiteTitle "-"]
[BlackTitle "-"]
[WhiteFideId "34161589"]
[BlackFideId "10306510"]
[WhiteElo "2076"]
[BlackElo "1797"]

1. e4 c5 2. Nf3 d6 3. Bb5+ Nd7 4. O-O Ngf6 5. Re1 a6 6. Bf1 Qc7 7. c3 c4 8. d4 cxd3 9.
Bxd3 g6 10. Nbd2 Bg7 11. Nf1 O-O 12. Ng3 b5 13. a4 Rb8 14. axb5 axb5 15. Nd4 b4 16. c4 Nc5 17. b3 h5 18.
Bb2 h4 19. Nf1 h3 20. g3 Bb7 21. f3 Nfd7 22. Ne3 Qb6 23. Qc2 Nxd3 24. Qxd3 Ne5 25. Qc2 f5 26. exf5 Qxd4 27. Bxd4 Nxf3+ 28. Kf1 Nxe1 29. Rxe1 Bxd4 30.
g4 gxf5 31. gxf5 Kh8 32. Qd1 Bg2+ 33. Nxg2 Rxf5+ 34. Ke2 Bc5 35. Ne3 Re5 36. Kd3 Rg8 37. Qf3 1-0

[Event "Rapid Tournament (RAP)"]
[Site "Biel, Switzerland"]
[Date "2026.07.12"]
[Round "9.24"]
[White "Grzeskowiak, Antoni"]
[Black "Hornung, Hans"]
[Result "1-0"]
[TimeControl "15 + 5"]
[WhiteTitle "-"]
[BlackTitle "-"]
[WhiteFideId "41855531"]
[BlackFideId "4615140"]
[WhiteElo "1844"]
[BlackElo "2040"]

1. d4 Nf6 2. Nf3 d6 3. Bf4 g6 4. e3 Bg7 5. Nc3 O-O 6. Be2 b6 7. h3 Bb7 8. O-O Nbd7 9. a4 a6 10.
Bc4 e6 11. Re1 Qe7 12. e4 e5 13. dxe5 dxe5 14. Bg5 h6 15. Bh4 g5 16. Bg3 Nh5 17. Bxe5 Bxe5 18. Nxe5 Nxe5 19. Bd5 c6 20.
Qxh5 cxd5 21. Qxh6 Ng6 22. exd5 Qf6 23. Ne4 Qxb2 24. c3 Qc2 25. Nf6# 1-0

[Event "Rapid Tournament (RAP)"]
[Site "Biel, Switzerland"]
[Date "2026.07.12"]
[Round "9.25"]
[White "Carey, Michael"]
[Black "Sadeghi, Hassan Roger"]
[Result "1-0"]
[TimeControl "15 + 5"]
[WhiteTitle "-"]
[BlackTitle "-"]
[WhiteFideId "30923760"]
[BlackFideId "1304712"]
[WhiteElo "1850"]
[BlackElo "2028"]

1. Nf3 Nf6 2. c4 e6 3.
Nc3 d5 4. e3 c5 5. cxd5 Nxd5 6. Bc4 Nc6 7. O-O Be7 8. d4 O-O 9. a3 cxd4 10. exd4 a6 11. Qd3 b5 12. Bb3 b4 13.
Ne4 a5 14. Neg5 g6 15. Re1 Bf6 16. h4 Nce7 17. h5 Nf5 18. hxg6 hxg6 19. Ne4 Be7 20. g4 Nd6 21. Bh6 Re8 22.
Ne5 Nxe4 23. Qxe4 Bg5 24. Nc6 Nf6 25. Qg2 1-0

[Event "Rapid Tournament (RAP)"]
[Site "Biel, Switzerland"]
[Date "2026.07.12"]
[Round "9.26"]
[White "Laub, Patrick"]
[Black "Moesching, Colin"]
[Result "1-0"]
[TimeControl "15 + 5"]
[WhiteTitle "-"]
[BlackTitle "-"]
[WhiteFideId "1302566"]
[BlackFideId "1345036"]
[WhiteElo "1949"]
[BlackElo "1820"]

1. e4 e5 2. Nc3 Nc6 3. Nge2 Nf6 4. d4 Bb4 5. d5 Ne7 6. Bd2 d6 7. Ng3 O-O 8.
Be2 a5 9. O-O c6 10. dxc6 bxc6 11. Bg5 Ng6 12. Nh5 Kh8 13. Bf3 Be6 14. Ne2 Ra7 15. c3 Bc5 16. Neg3 d5 17. Nxg7 Kxg7 18.
Nh5+ Nxh5 19. Bxd8 Rxd8 20. Bxh5 Rad7 21. Bxg6 hxg6 22. Qa4 dxe4 23. Qxc6 Rd5 24. c4 R8d6 25. cxd5 1-0

[Event "Rapid Tournament (RAP)"]
[Site "Biel, Switzerland"]
[Date "2026.07.12"]
[Round "9.27"]
[White "Bonanomi, Silvan"]
[Black "Tureshbayev, Anuar"]
[Result "0-1"]
[TimeControl "15 + 5"]
[WhiteTitle "-"]
[BlackTitle "-"]
[WhiteFideId "1352644"]
[BlackFideId "651081709"]
[WhiteElo "1867"]
[BlackElo "2246"]

1. e4 c5 2. c3 Nf6 3.
e5 Nd5 4. Nf3 d6 5. Bc4 Nb6 6.
e6 fxe6 7. Bb3 Nc6 8. Ng5 d5 9. d4 cxd4 10. cxd4 e5 11. Qf3 Nxd4 12. Qf7+ Kd7 13. Bxd5 Nxd5 14. Qxd5+ Kc7 15. Qc5+ Kb8 16. Nf7 Qc7 17. Qxc7+ Kxc7 18. Nxh8 Nc2+ 19. Ke2 Nxa1 20.
Na3 Be6 21. Bd2 g6 22. Rxa1 Bg7 23. Nxg6 hxg6 24. Rc1+ Kd7 25. b3 Rh8 26. h3 Bd5 27. f3 e4 28. fxe4 Bxe4 29. Kf2 Rf8+ 30.
Kg3 Be5+ 31. Kg4 Rf2 32. Rd1 Rxg2+ 33. Kh4 Bf3 0-1

[Event "Rapid Tournament (RAP)"]
[Site "Biel, Switzerland"]
[Date "2026.07.12"]
[Round "9.28"]
[White "Tan, Jimmy"]
[Black "Haimovich, Tal"]
[Result "0-1"]
[TimeControl "15 + 5"]
[WhiteTitle "-"]
[BlackTitle "-"]
[WhiteFideId "129057499"]
[BlackFideId "2801698"]
[WhiteElo "1845"]
[BlackElo "2245"]

1. d4 Nf6 2. Bf4 g6 3. Nc3 Bg7 4.
e4 O-O 5. e5 Ne8 6. Qd2 d6 7.
Nf3 Nc6 8. O-O-O Bg4 9. Qe3 Qc8 10. Be2 e6 11. h3 Bxf3 12. Bxf3 Ne7 13. g4 d5 14. h4 c5 15. dxc5 Nc7 16. h5 Nc6 17. Ne2 b6 18.
hxg6 fxg6 19. Rh3 Rf7 20. Kb1 Rb8 21. Bg2 bxc5 22. Qxc5 Nxe5 23. Rb3 Rxb3 24. axb3 Qa6 25. Bxe5 Qxe2 26.
Bxc7 Qxd1+ 27. Ka2 Qd4 28.
Qxd4 Bxd4 29. Bb8 Rxf2 0-1